 Dungeon Crawl Stone Soup version 0.30.0-15-g856e2d3f33 (webtiles) character file.

Game seed: 73988267977057133

67 javelincjr the Firebug (level 4, -4/30 HPs)
             Began as a Demonspawn Fire Elementalist on May 19, 2023.
             Slain by a gnoll sergeant
             ... wielding a +0 trident
              (14 damage)
             ... on level 4 of the Dungeon.
             The game lasted 00:10:04 (1610 turns).

javelincjr the Firebug (DsFE)                       Turns: 1610, Time: 00:10:04

Health: -4/30      AC:  4    Str:  8    XL:     4   Next: 0%
Magic:  5/7        EV: 13    Int: 19    God:
Gold:   44         SH:  0    Dex: 19    Spells: 6/7 levels left

rFire   . . .        e - +0 whip
rCold   . . .        (no shield)
rNeg    . . .        a - +0 robe
rPois   .            (no helmet)
rElec   .            (no cloak)
rCorr   .            d - +1 pair of gloves
SInv    .            (no boots)
Will    .....        (no amulet)
Stlth   ++           g - +6 ring of dexterity
HPRegen 0.25/turn    (no ring)
MPRegen 0.10/turn

%: no passive effects
@: no status effects
A: claws 2, demonic magic 1
a: no special abilities


You were on level 4 of the Dungeon.
You visited 1 branch of the dungeon, and saw 3 of its levels.

You collected 44 gold pieces.

Inventory:

Hand Weapons
 e - a +0 whip (weapon)
Armour
 a - a +0 robe (worn)
 d - a +1 pair of gloves (worn)
Jewellery
 g - a +6 ring of dexterity (left hand)
Scrolls
 f - 3 scrolls of identify {unknown}
 h - 2 scrolls of teleportation {unknown}
 i - a scroll of acquirement {unknown}
 j - a scroll of enchant armour {unknown}
Potions
 b - a potion of magic
 c - a potion of cancellation {unknown}


   Skills:
 + Level 2.3 Dodging
 + Level 2.4 Stealth
 + Level 2.4 Spellcasting
 + Level 1.8 Conjurations
 + Level 3.1 Fire Magic


You had 6 spell levels left.
You knew the following spells:

 Your Spells              Type           Power      Damage    Failure   Level
a - Foxfire               Conj/Fire      44%        2x1d6     6%          1

Your spell library contained the following spells:

 Spells                   Type           Power      Damage    Failure   Level
 Scorch                   Fire           28%        2d6       7%          2
 Inner Flame              Hex/Fire       8%         N/A       26%         3
 Volatile Blastmotes      Fire/Tloc      16%        2d11      26%         3
 Flame Wave               Conj/Fire      11%        2d6       50%         4


Dungeon Overview and Level Annotations

Branches:
Dungeon (2/15)

Altars:

Annotations:
D:1 Sigmund


Innate Abilities, Weirdness & Mutations

You have very sharp fingernails.
Spells you cast may paralyse adjacent enemies.


Message History

The gnoll shouts!
The gnoll throws a throwing net.
The throwing net misses you.
You see here a throwing net.
The gnoll sergeant hits you but does no damage.
Casting: Foxfire (safe; 6% risk of failure)
Confirm with . or Enter, or press ? or * to list all spells.
You conjure some foxfire!
Malevolent energies surge around you.
The gnoll sergeant hits you with a +0 trident.
You hit the gnoll sergeant but do no damage.
The gnoll sergeant is moderately wounded.
The foxfire hits the gnoll sergeant but does no damage.
The gnoll sergeant is moderately wounded.
The foxfire hits the gnoll sergeant but does no damage.
The gnoll sergeant is moderately wounded.
The gnoll sergeant hits you with a +0 trident.
* * * LOW HITPOINT WARNING * * *
Casting: Foxfire (safe; 6% risk of failure)
Confirm with . or Enter, or press ? or * to list all spells.
You conjure some foxfire!
Malevolent energies surge around you.
The gnoll sergeant suddenly stops moving!
The helpless gnoll sergeant fails to defend itself.
You hit the gnoll sergeant but do no damage.
The gnoll sergeant is moderately wounded.
The foxfire hits the gnoll sergeant.
The gnoll sergeant is heavily wounded.
The foxfire hits the gnoll sergeant but does no damage.
The gnoll sergeant is heavily wounded.
The helpless gnoll sergeant fails to defend itself.
You hit the gnoll sergeant but do no damage.
The gnoll sergeant is heavily wounded.
The helpless gnoll sergeant fails to defend itself.
You hit the gnoll sergeant but do no damage.
The gnoll sergeant is heavily wounded.
The gnoll barely misses you.
The helpless gnoll sergeant fails to defend itself.
You hit the gnoll sergeant but do no damage.
The gnoll sergeant is heavily wounded.
The gnoll sergeant is no longer paralysed.
The gnoll sergeant hits you with a +0 trident!
You die...

##.....##....#
##.......##...#
#....#)...#...#
#...###...#...#
#..g# #...#...#
#...# #...#...#
#...# #...#...#
#...# #...#.g.#
#...# #...#@..#
#...# #...#g(.#
#...# #...#...#
#...# #...#...#
#...# #...#...#
#.).# #...#...#
#...# #...#...#
#...# #...#...#
##'## ##'##...#


You could see a gnoll sergeant and a gnoll.

Vanquished Creatures
  3 gnolls (D:4)
  An adder (D:2)
  A dart slug (D:1)
  2 ball pythons
  An endoplasm (D:1)
  2 giant cockroaches (D:1)
  3 goblins
  A hobgoblin (D:4)
  3 quokkas
  2 bats (D:1)
  3 frilled lizards (D:2)
  3 kobolds
  5 rats
30 creatures vanquished.

Vanquished Creatures (others)
  99 foxfires
99 creatures vanquished.

Grand Total: 129 creatures vanquished

Notes
Turn   | Place    | Note
-------+----------+-------------------------------------------
     0 | D:1      | javelincjr the Demonspawn Fire Elementalist began the quest
                  | for the Orb.
     0 | D:1      | Reached XP level 1. HP: 13/13 MP: 3/3
   260 | D:1      | Gained mutation: Spells you cast may paralyse adjacent
                  | enemies. [demonic ancestry]
   260 | D:1      | Reached XP level 2. HP: 17/19 MP: 3/5
   727 | D:2      | Noticed Sigmund
   979 | D:2      | Gained mutation: You have sharp fingernails. [demonic
                  | ancestry]
   979 | D:2      | Reached XP level 3. HP: 24/24 MP: 2/6
  1131 | D:2      | Reached skill level 3 in Fire Magic
  1316 | D:2      | You fall into a shaft and drop 2 floors!
  1471 | D:4      | Noticed a gnoll sergeant
  1481 | D:4      | Gained mutation: You have very sharp fingernails. [demonic
                  | ancestry]
  1481 | D:4      | Reached XP level 4. HP: 21/30 MP: 2/7
  1610 | D:4      | Slain by a gnoll sergeant

Illustrated notes

Levels and vault maps discovered:
D:1:      lemuel_arrival_funnel, layout_loops_ring, st_stairs_1,
          hangedman_abyss_or_decor_stabs, feat_on_display
D:2:      layout_rooms, hellmonk_ecumenical_altar_inner_sanctum,
          minmay_rat_hole, uniq_crazy_yiuf_cottage, uniq_sigmund
D:4:      layout_gridville, kennysheep_mini,
          minmay_temple_entry_enclosed_plants, nrook_uturn,
          serial_bayou_lagoon_a

Skill      XL: |  1  2  3 |
---------------+----------+-----
Stealth        | 2 |  2.4
Dodging        | 2 |  2.3
Fire Magic     | 3 |  3.1
Spellcasting   | |  2.4
Conjurations   | |  1.8

Action                     |  1- 3 |  4- 6 || total
---------------------------+-------+-------++-------
  Melee: Unarmed           |    16 |       ||    16
         Whip              |    24 |     8 ||    32
         Punch             |     2 |     1 ||     3
   Cast: Foxfire           |    48 |     7 ||    55
   Stab: Paralysed         |     7 |     7 ||    14
         Sleeping          |     1 |       ||     1
 Armour: Robe              |    10 |     1 ||    11
  Dodge: Dodged            |    44 |     7 ||    51
